 Dungeon Crawl Stone Soup version 0.18.1-48-g4cf74bf (webtiles) character file.

49 sarahorange the Conjurer (level 3, 0/16 HPs)
             Began as a Spriggan Conjurer on June 26, 2016.
             Slain by a hound (3 damage)
             ... on level 3 of the Dungeon on June 27, 2016.
             The game lasted 00:12:35 (2116 turns).

sarahorange the Conjurer (Spriggan Conjurer)        Turns: 2116, Time: 00:12:35

Health: 0/16       AC:  3    Str:  5    XL:     3   Next: 51%
Magic:  2/8        EV: 18    Int: 16    God:
Gold:   65         SH:  0    Dex: 16    Spells: 2 memorised, 5 levels left

rFire  . . .     SeeInvis +     r - +0 dagger
rCold  . . .     Gourm    .     a - +0 robe
rNeg   . . .     Faith    .     (shield restricted)
rPois  .         Spirit   .     (helmet restricted)
rElec  .         Dismiss  .     p - +0 cloak
rCorr  .         Reflect  .     (gloves unavailable)
SustAt .         Harm     .     (boots unavailable)
MR     .....                    (no amulet)
Stlth  +++.......               (no ring)
                                (no ring)

@: very quick, not resistant to hostile enchantments, fairly stealthy
A: unfitting armour, see invisible, herbivore 3, speed 3, slow metabolism 2
a: no special abilities


You were on level 3 of the Dungeon.
You were not hungry.

You visited 1 branch of the dungeon, and saw 3 of its levels.

You collected 65 gold pieces.

Inventory:

Hand Weapons
 r - a +0 dagger (weapon)
Missiles
 m - 30 stones (quivered)
Armour
 a - a +0 robe (worn)
 p - a +0 cloak (worn)
Wands
 o - a wand of random effects (17/48)
Scrolls
 e - 2 scrolls of immolation {unknown}
 g - a scroll of amnesia {unknown}
 h - a scroll of identify {unknown}
 i - a scroll of blinking {unknown}
 j - a scroll of teleportation {unknown}
 n - a scroll of fear {unknown}
Potions
 d - a potion of berserk rage {unknown}
 f - a potion of cure mutation {unknown}
 l - a potion of curing {unknown}
 q - a potion of flight {unknown}
 t - 2 potions of brilliance {unknown}
 u - a potion of heal wounds {unknown}
Books
 b - a book of Conjurations

   Spells                             Type                      Level
   a - Magic Dart                     Conjuration                  1
   b - Searing Ray                    Conjuration                  2
   c - Dazzling Spray                 Conjuration/Hexes            3
   d - Fulminant Prism                Conjuration/Hexes            4
   e - Iskenderun's Mystic Blast      Conjuration                  4
   f - Iskenderun's Battlesphere      Conjuration/Charms           5
 s - a book of Debilitation

   Spells                             Type                      Level
   a - Corona                         Hexes                        1
   b - Slow                           Hexes                        2
   c - Gell's Gravitas                Hexes/Translocation          3
   d - Inner Flame                    Hexes/Fire                   3
   e - Cause Fear                     Hexes                        4
   f - Leda's Liquefaction            Hexes/Earth                  4
Comestibles
 c - a bread ration
 k - a royal jelly


   Skills:
 + Level 3.1 Dodging
 + Level 3.2 Stealth
 + Level 3.3 Spellcasting
 + Level 3.7 Conjurations


You had 5 spell levels left.
You knew the following spells:

 Your Spells              Type           Power        Failure   Level  Hunger
a - Magic Dart            Conj           ##..         4%          1    None
b - Searing Ray           Conj           ##....       8%          2    ##.....


Dungeon Overview and Level Annotations

Branches:
Dungeon (3/15)

Altars:
Xom
Zin


Innate Abilities, Weirdness & Mutations

You are tiny and cannot use many weapons and most armour.
You have supernaturally acute eyesight.
You are a herbivore.
You cover ground extremely quickly.
You need consume almost no food.


Message History

The hound bites you.
* * * LOW HITPOINT WARNING * * *
Found a scroll labeled ASAUKHL DAMPOLL.
An orc comes into view. It is wielding a mace.
The orc shouts!
The orc moves out of view.
An orc comes into view. It is wielding a club.
An orc comes into view.
An orc comes into view. It is wielding a flail.
The orc shouts!
The hound bites you but does no damage.
The orc shouts!
A rat comes into view.
The hound bites you.
* * * LOW HITPOINT WARNING * * *
Found a stone staircase leading up.
Found a falchion.
An adder comes into view.
The hound bites you.
You die...

.?...# ....# ...#
.#.# ############
..o#### #<.........#
...o..# #.......)..#
....<.# #..........#
.....o####..........#
............r...@S..#
...............h....#
.........o..........#
...#................#
.......$............#
...#......###########
...######## ###


You could see a hound, an adder, an orc and a rat (sleeping).

Vanquished Creatures
  2 adders (D:2)
  A dart slug (D:1)
  A giant gecko (D:1)
  3 bats
  A giant cockroach (D:2)
  5 goblins (D:1)
  2 hobgoblins (D:1)
  2 ball pythons (D:2)
  3 giant newts
  4 kobolds
  4 rats
28 creatures vanquished.

Notes
Turn   | Place    | Note
--------------------------------------------------------------
     0 | D:1      | sarahorange the Spriggan Conjurer began the quest for the Orb.
     0 | D:1      | Reached XP level 1. HP: 9/9 MP: 5/5
   221 | D:1      | Reached XP level 2. HP: 13/13 MP: 3/6
   363 | D:1      | Learned a level 2 spell: Searing Ray
  1169 | D:2      | Found a glowing silver altar of Zin.
  1435 | D:2      | Reached XP level 3. HP: 10/16 MP: 0/8
  1668 | D:2      | Found a shimmering altar of Xom.
  2116 | D:3      | Slain by a hound

Skill      XL: |  1  2 |
---------------+-------+-----
Conjurations   | 3 |  3.7
Spellcasting   | 3 |  3.3
Dodging        | |  3.1
Stealth        | |  3.2

Action                   || total
-------------------------++-------
 Cast: Magic Dart        ||    56
       Searing Ray       ||    13
Armor: Robe              ||     2
Dodge: Dodged            ||     5
